[Event "VI Floripa Open 2020"]
[Site "Florianopolis"]
[Date "2020.01.21"]
[Round "3.69"]
[White "Simao Vasconcellos, Pedro August"]
[Black "De Oliveira, Guilherme Alfredo B"]
[Result "1-0"]
[ECO "A00"]
[WhiteElo "1805"]
[BlackElo "1991"]
[Annotator "NA"]
[PlyCount "87"]
[EventDate "2020.01.20"]
[EventType "swiss"]
[EventRounds "10"]
[EventCountry "BRA"]
[SourceTitle "playchess.com"]
[Source "ChessBase"]
[SourceQuality "1"]
[TimeControl "5400+30"]

1. d4 Nf6 2. c4 e6 3. Nc3 Bb4 4. Nf3 c5 5. d5 Bxc3+ 6. bxc3 d6 7. Bf4 e5 8. Bg3 Ne4 9. Rc1 h5 10. e3 h4 11. Bd3 f5 12. Bxh4 Rxh4 13. Nxh4 Qxh4 14. Qf3 Ng5 15. Qg3 Qxg3 16. hxg3 Nf7 17. e4 fxe4 18. Bxe4 Nd7 19. Kd2 Nf8 20. f4 g6 21. Rcf1 Bd7 22. fxe5 Nxe5 23. Rxf8+ Kxf8 24. Rh8+ Ke7 25. Rxa8 Nxc4+ 26. Ke1 a6 27. Bxg6 Nb6 28. Rb8 Nxd5 29. Rxb7 Kd8 30. Kd2 Bc6 31. Rg7 Ne7 32. Bd3 a5 33. Bf1 Kd7 34. g4 Ke6 35. g3 Be4 36. Bd3 Bf3 37. Be2 Be4 38. Rg5 d5 39. c4 Kf6 40. Rh5 Bg6 41. Rh8 dxc4 42. Ra8 Nc6 43. Ra6 Be8 44. Bf3 {abd} 1-0

[Event "VI Floripa Open 2020"]
[Site "Florianopolis"]
[Date "2020.01.21"]
[Round "3.70"]
[White "Zimmermann, Kleber Renato P."]
[Black "Da Silva, Anderson Lemes"]
[Result "0-1"]
[ECO "A00"]
[WhiteElo "1990"]
[BlackElo "1788"]
[Annotator "NA"]
[PlyCount "57"]
[EventDate "2020.01.20"]
[EventType "swiss"]
[EventRounds "10"]
[EventCountry "BRA"]
[SourceTitle "playchess.com"]
[Source "ChessBase"]
[SourceQuality "1"]
[TimeControl "5400+30"]

1. d4 Nf6 2. c4 e6 3. Nf3 b6 4. g3 Bb7 5. Bg2 Bb4+ 6. Bd2 c5 7. Bxb4 cxb4 8. a3 Qc7 9. Qb3 Nc6 10. O-O Na5 11. Qxb4 Qxc4 12. Qxc4 Nxc4 13. b3 Na5 14. Nbd2 Ne4 15. b4 Nxd2 16. Nxd2 Bxg2 17. Kxg2 Nb7 18. Rac1 Kd8 19. Nc4 Rc8 20. e4 Ke7 21. Ne3 Nd6 22. e5 Nb5 23. Nc4 Rc6 24. d5 exd5 25. Ne3 Ke6 26. a4 Nc3 27. f4 Rhc8 28. b5 Rc5 29. Nc2 0-1

[Event "VI Floripa Open 2020"]
[Site "Florianopolis"]
[Date "2020.01.21"]
[Round "3.71"]
[White "De Haro, Martim Afonso Palma"]
[Black "Maranhao, Jose Renato Ruiz"]
[Result "1/2-1/2"]
[ECO "A11"]
[WhiteElo "1804"]
[BlackElo "1989"]
[Annotator "NA"]
[PlyCount "38"]
[EventDate "2020.01.20"]
[EventType "swiss"]
[EventRounds "10"]
[EventCountry "BRA"]
[SourceTitle "playchess.com"]
[Source "ChessBase"]
[SourceQuality "1"]
[TimeControl "5400+30"]

1. Nf3 Nf6 2. c4 g6 3. b3 Bg7 4. Bb2 O-O 5. g3 c6 6. Bg2 d5 7. d3 dxc4 8. bxc4 Na6 9. O-O Bg4 10. Nbd2 Nc5 11. h3 Bc8 12. Kh2 a5 13. Rb1 a4 14. Ba3 Ne6 15. Qc2 Ra5 16. c5 Nd7 17. Nc4 Ra7 18. Nb6 Nc7 19. Nc4 b6 {-ilegivel} 1/2-1/2

[Event "VI Floripa Open 2020"]
[Site "Florianopolis"]
[Date "2020.01.21"]
[Round "3.72"]
[White "Barreiros da Silva, Denison Klein"]
[Black "Jenidarchiche, Douglas Rodrigo"]
[Result "1-0"]
[ECO "B34"]
[WhiteElo "1988"]
[BlackElo "1772"]
[Annotator "NA"]
[PlyCount "103"]
[EventDate "2020.01.20"]
[EventType "swiss"]
[EventRounds "10"]
[EventCountry "BRA"]
[SourceTitle "playchess.com"]
[Source "ChessBase"]
[SourceQuality "1"]
[TimeControl "5400+30"]

1. e4 c5 2. Nf3 Nc6 3. d4 cxd4 4. Nxd4 g6 5. Be3 Bg7 6. Nc3 Nf6 7. f3 O-O 8. g4 Qb6 9. Nf5 Qxb2 10. Na4 Qa3 11. c3 gxf5 12. Bc5 Qxc5 13. Nxc5 fxg4 14. Be2 d6 15. Nb3 Nh5 16. Qd2 a5 17. fxg4 Nf6 18. Qe3 Ne5 19. h3 Be6 20. Nd4 Rfc8 21. g5 Nfd7 22. a3 Nc5 23. Bg4 Ncd3+ 24. Kf1 Rxc3 25. Bxe6 fxe6 26. Nxe6 Nc4 27. Qe2 Be5 28. Rd1 Nf4 29. Nxf4 Rf8 30. Rd3 Rxf4+ 31. Kg2 b5 32. Rxc3 Bxc3 33. Rf1 Rxf1 34. Kxf1 Kg7 35. Qd3 Nd2+ 36. Ke2 b4 37. h4 Nb3 38. Qc4 Nc5 39. h5 e6 40. Kd1 Kf7 41. Kc2 Ke7 42. Qb5 Be1 43. Kd1 Bc3 44. Qxa5 Nd7 45. axb4 Bd4 46. Qa8 Nf8 47. b5 Nd7 48. Qg8 Nf8 49. g6 hxg6 50. hxg6 Nd7 51. Qf7+ Kd8 52. g7 1-0

[Event "VI Floripa Open 2020"]
[Site "Florianopolis"]
[Date "2020.01.21"]
[Round "3.73"]
[White "Ribeiro, Fabiano Pinto"]
[Black "Dalanhol, Joao Vitor"]
[Result "1-0"]
[ECO "A00"]
[WhiteElo "1798"]
[BlackElo "1988"]
[Annotator "NA"]
[PlyCount "69"]
[EventDate "2020.01.20"]
[EventType "swiss"]
[EventRounds "10"]
[EventCountry "BRA"]
[SourceTitle "playchess.com"]
[Source "ChessBase"]
[SourceQuality "1"]
[TimeControl "5400+30"]

1. d4 Nf6 2. Nf3 g6 3. Bf4 Bg7 4. e3 d6 5. Be2 O-O 6. O-O Nh5 7. Bg5 h6 8. Bh4 g5 9. Nfd2 Nf6 10. Bg3 Nc6 11. h3 e5 12. c3 e4 13. a3 Qe7 14. c4 Ne8 15. Nc3 f5 16. Nd5 Qd8 17. f4 exf3 18. Nxf3 Ne7 19. Nc3 Nf6 20. Qc2 Qe8 21. Rae1 Bd7 22. Bd3 Nh5 23. Bf2 Qc8 24. Nh2 Nc6 25. b4 f4 26. Nd5 Be6 27. Nxc7 Qxc7 28. d5 fxe3 29. Bxe3 Nd4 30. Bh7+ Kh8 31. Qd3 Bf7 32. Rxf7 Rxf7 33. Bg6 Qe7 34. Bxh5 Re8 35. Bxf7 1-0

[Event "VI Floripa Open 2020"]
[Site "Florianopolis"]
[Date "2020.01.21"]
[Round "3.74"]
[White "Cordioli, Jairo Ribeiro"]
[Black "Guimaraes, Artemis Pamela"]
[Result "1-0"]
[ECO "E32"]
[WhiteElo "1792"]
[BlackElo "1980"]
[Annotator "NA"]
[PlyCount "47"]
[EventDate "2020.01.20"]
[EventType "swiss"]
[EventRounds "10"]
[EventCountry "BRA"]
[SourceTitle "playchess.com"]
[Source "ChessBase"]
[SourceQuality "1"]
[TimeControl "5400+30"]

1. d4 Nf6 2. c4 e6 3. Nc3 Bb4 4. Qc2 O-O 5. a3 Bxc3+ 6. Qxc3 b6 7. Nf3 Bb7 8. g3 d6 9. Bg2 Nbd7 10. O-O Ne4 11. Qc2 d5 12. Nd2 Ndf6 13. f3 Nxd2 14. Bxd2 c5 15. cxd5 Rc8 16. dxc5 Rxc5 17. Qa4 Rxd5 18. Bc3 a5 19. e4 Rd3 20. Rfd1 b5 21. Qc2 Rxd1+ 22. Rxd1 Qc7 23. Qd2 a4 24. Qf4 1-0

[Event "VI Floripa Open 2020"]
[Site "Florianopolis"]
[Date "2020.01.21"]
[Round "3.75"]
[White "De Souza Sa, Apolo"]
[Black "Correa, Joao Pedro Vieira"]
[Result "1-0"]
[ECO "E47"]
[WhiteElo "1976"]
[BlackElo "1665"]
[Annotator "NA"]
[PlyCount "114"]
[EventDate "2020.01.20"]
[EventType "swiss"]
[EventRounds "10"]
[EventCountry "BRA"]
[SourceTitle "playchess.com"]
[Source "ChessBase"]
[SourceQuality "1"]
[TimeControl "5400+30"]

1. d4 Nf6 2. c4 e6 3. Nc3 Bb4 4. e3 O-O 5. Bd3 d5 6. Nge2 b6 7. O-O Bb7 8. a3 Bd6 9. Ng3 c5 10. dxc5 bxc5 11. Qc2 Nbd7 12. b3 a6 13. Bb2 Qc7 14. Qe2 Rfd8 15. Rfd1 Rdb8 16. Rac1 Bc6 17. Bc2 Qb7 18. f3 Qc7 19. Nf1 Rd8 20. Rd2 Be7 21. Nd1 Nf8 22. Nf2 N8d7 23. Rcd1 a5 24. a4 Rab8 25. Bc3 Ra8 26. g4 Qb7 27. e4 d4 28. Bb2 e5 29. Nd3 Qc7 30. Ba3 g6 31. Qg2 Qb6 32. Qg3 Bd6 33. h3 Re8 34. Rh2 Kg7 35. Qg2 Nf8 36. Ng3 N8d7 37. Kf2 Kf8 38. Bc1 Ke7 39. Bh6 Rab8 40. h4 Rg8 41. Bg5 Nf8 42. h5 Ne6 43. Bd2 g5 44. Nf5+ Kd7 45. Qg3 Nf4 46. Qg1 Nxd3+ 47. Bxd3 Qxb3 48. Qf1 Qxa4 49. Nh6 Rg7 50. Nf5 Rgg8 51. Nh6 Rg7 52. Rc1 Qa2 53. Kg3 Qb2 54. Bxg5 Qxc1 55. Bxc1 a4 56. Rb2 Rxb2 57. Bxb2 Ng8 1-0

[Event "VI Floripa Open 2020"]
[Site "Florianopolis"]
[Date "2020.01.21"]
[Round "3.76"]
[White "Kikuchi Cadilhac, Mariana Sawae"]
[Black "Heinechen, John"]
[Result "1-0"]
[ECO "A00"]
[WhiteElo "1780"]
[BlackElo "1974"]
[Annotator "NA"]
[PlyCount "66"]
[EventDate "2020.01.20"]
[EventType "swiss"]
[EventRounds "10"]
[EventCountry "BRA"]
[SourceTitle "playchess.com"]
[Source "ChessBase"]
[SourceQuality "1"]
[TimeControl "5400+30"]

1. e4 c5 2. Nf3 d6 3. d4 cxd4 4. Nxd4 Nf6 5. Nc3 g6 6. f3 Bg7 7. Be3 O-O 8. Qd2 Nc6 9. Be2 Bd7 10. O-O-O Rc8 11. g4 Ne5 12. h4 h5 13. gxh5 Nxh5 14. f4 Nc4 15. Bxc4 Rxc4 16. f5 Qa5 17. fxg6 f5 18. Qe2 Rxd4 19. Bxd4 Bh6+ 20. Kb1 Ng3 21. Qc4+ e6 22. Rhg1 Rc8 23. Qb3 f4 24. Qxb7 Qc7 25. Qxc7 Rxc7 26. Bf2 Rxc3 27. bxc3 Nxe4 28. Be1 d5 29. c4 f3 30. Rf1 Bg5 31. Rd3 Bc6 32. Rdxf3 dxc4 33. Ra3 a6 1-0

[Event "VI Floripa Open 2020"]
[Site "Florianopolis"]
[Date "2020.01.21"]
[Round "3.77"]
[White "Silva, Guilherme Henrique D"]
[Black "Goncalves, Ruan Lucas Alves"]
[Result "0-1"]
[ECO "A00"]
[WhiteElo "1697"]
[BlackElo "1966"]
[Annotator "NA"]
[PlyCount "69"]
[EventDate "2020.01.20"]
[EventType "swiss"]
[EventRounds "10"]
[EventCountry "BRA"]
[SourceTitle "playchess.com"]
[Source "ChessBase"]
[SourceQuality "1"]
[TimeControl "5400+30"]

1. d4 Nf6 2. c4 g6 3. Nf3 Bg7 4. g3 O-O 5. Bg2 d6 6. O-O Nc6 7. Nc3 a6 8. b3 Rb8 9. Bb2 b5 10. cxb5 axb5 11. e3 b4 12. Ne2 Be6 13. Re1 Na5 14. Qc2 c6 15. Nd2 Qb6 16. Rac1 Rfc8 17. Nc4 Nxc4 18. bxc4 b3 19. axb3 Qxb3 20. Ba1 c5 21. Bf1 Nd7 22. Qxb3 Rxb3 23. dxc5 Rxc5 24. Bxg7 Kxg7 25. Nf4 Ne5 26. Be2 Bxc4 27. Red1 Bxe2 28. Nxe2 Rxc1 29. Rxc1 Rb2 30. Nf4 g5 31. Nd5 e6 32. Nc3 d5 33. Rb1 Rc2 34. Nb5 Nc4 35. Nd4 {Ilegível} 0-1

[Event "VI Floripa Open 2020"]
[Site "Florianopolis"]
[Date "2020.01.21"]
[Round "3.78"]
[White "Da Silva, Esequiel Luis Melo"]
[Black "Maiberg, Wellington Gubiani"]
[Result "1/2-1/2"]
[ECO "A00"]
[WhiteElo "1651"]
[BlackElo "1960"]
[Annotator "NA"]
[PlyCount "41"]
[EventDate "2020.01.20"]
[EventType "swiss"]
[EventRounds "10"]
[EventCountry "BRA"]
[SourceTitle "playchess.com"]
[Source "ChessBase"]
[SourceQuality "1"]
[TimeControl "5400+30"]

1. e4 c5 2. Nf3 Nc6 3. d3 g6 4. c3 d5 5. Nbd2 Bg7 6. Be2 e6 7. Qc2 Nge7 8. O-O O-O 9. Nb3 Qb6 10. Re1 h6 11. d4 cxd4 12. Nbxd4 e5 13. exd5 exd4 14. dxc6 Nxc6 15. Nxd4 Nxd4 16. cxd4 Bxd4 17. Bxh6 Bxf2+ 18. Kh1 Re8 19. Qc3 f6 20. Bc4+ Kh7 21. Bf4 1/2-1/2

[Event "VI Floripa Open 2020"]
[Site "Florianopolis"]
[Date "2020.01.21"]
[Round "3.79"]
[White "Baeta, Marcio Netto"]
[Black "Jardim, Tamiris Salvador"]
[Result "0-1"]
[ECO "A00"]
[WhiteElo "1953"]
[BlackElo "1418"]
[Annotator "NA"]
[PlyCount "54"]
[EventDate "2020.01.20"]
[EventType "swiss"]
[EventRounds "10"]
[EventCountry "BRA"]
[SourceTitle "playchess.com"]
[Source "ChessBase"]
[SourceQuality "1"]
[TimeControl "5400+30"]

1. e4 c5 2. d4 cxd4 3. Nf3 e6 4. Nxd4 Nf6 5. Bd3 d6 6. c4 Nbd7 7. Nc3 a6 8. Be3 Qc7 9. Rc1 b6 10. g4 Nc5 11. Bb1 h6 12. b4 Ncd7 13. b5 a5 14. f4 Bb7 15. g5 hxg5 16. fxg5 Nh7 17. g6 Nhf6 18. gxf7+ Kxf7 19. O-O d5 20. Bf4 e5 21. Nxd5 Bxd5 22. cxd5 Bc5 23. Kh1 exf4 24. Ne6 Rxh2+ 25. Kxh2 Rh8+ 26. Kg2 f3+ 27. Kxf3 Rh3+ 0-1

[Event "VI Floripa Open 2020"]
[Site "Florianopolis"]
[Date "2020.01.21"]
[Round "3.81"]
[White "Colaco, Willian Wagner Soare"]
[Black "Souza, Atahander"]
[Result "1/2-1/2"]
[ECO "A00"]
[WhiteElo "1606"]
[BlackElo "1946"]
[Annotator "NA"]
[PlyCount "71"]
[EventDate "2020.01.20"]
[EventType "swiss"]
[EventRounds "10"]
[EventCountry "BRA"]
[SourceTitle "playchess.com"]
[Source "ChessBase"]
[SourceQuality "1"]
[TimeControl "5400+30"]

1. d4 Nf6 2. Nf3 g6 3. Bg5 Bg7 4. e3 d6 5. Bd3 Nc6 6. c3 e5 7. Nbd2 Qe7 8. d5 Nb8 9. h3 h6 10. Bxf6 Bxf6 11. Qc2 Nd7 12. e4 Bg7 13. Nf1 Nc5 14. Bb5+ Bd7 15. Bxd7+ Qxd7 16. Ne3 Qa4 17. Nd2 Qxc2 18. Nxc2 Nd3+ 19. Ke2 Nf4+ 20. Kf1 f5 21. g3 Nh5 22. Ke2 Nf6 23. f3 Nh5 24. Rhg1 Ke7 25. Nb4 Raf8 26. Nd3 Nf6 27. g4 fxg4 28. fxg4 Rf7 29. Raf1 Rhf8 30. Rf3 g5 31. Rf5 Nd7 32. Rgf1 Bf6 33. Rh1 Rh8 34. Nf1 Nf8 35. Ng3 Ng6 36. Rhf1 1/2-1/2

[Event "VI Floripa Open 2020"]
[Site "Florianopolis"]
[Date "2020.01.21"]
[Round "3.84"]
[White "Custodio, Leandro"]
[Black "Ferreira, Rodrigo Maycon Miran"]
[Result "1-0"]
[ECO "A00"]
[WhiteElo "1994"]
[BlackElo "1795"]
[Annotator "NA"]
[PlyCount "47"]
[EventDate "2020.01.20"]
[EventType "swiss"]
[EventRounds "10"]
[EventCountry "BRA"]
[SourceTitle "playchess.com"]
[Source "ChessBase"]
[SourceQuality "1"]
[TimeControl "5400+30"]

1. Nf3 d5 2. b3 c6 3. Bb2 Bg4 4. Ne5 Bf5 5. e3 Nf6 6. Bd3 Bxd3 7. cxd3 Nbd7 8. f4 g6 9. O-O Bg7 10. d4 O-O 11. d3 Ne8 12. Qg4 Nef6 13. Qh3 e6 14. Nd2 Nxe5 15. dxe5 Nd7 16. Nf3 Re8 17. g4 Qb6 18. d4 Qa6 19. f5 Qd3 20. Ng5 h6 21. Nxf7 Kxf7 22. fxe6+ Kxe6 23. g5+ Ke7 24. gxh6 {Ilegível} 1-0

[Event "VI Floripa Open 2020"]
[Site "Florianopolis"]
[Date "2020.01.21"]
[Round "3.85"]
[White "Portes Junior, Dirceu Atanazio"]
[Black "Arndt, Claudio Felipe"]
[Result "0-1"]
[ECO "A00"]
[WhiteElo "1969"]
[BlackElo "1728"]
[Annotator "NA"]
[PlyCount "46"]
[EventDate "2020.01.20"]
[EventType "swiss"]
[EventRounds "10"]
[EventCountry "BRA"]
[SourceTitle "playchess.com"]
[Source "ChessBase"]
[SourceQuality "1"]
[TimeControl "5400+30"]

1. d4 Nf6 2. c4 c6 3. d5 b5 4. cxb5 a6 5. bxa6 g6 6. Nc3 Bxa6 7. Nf3 d6 8. g3 Bg7 9. Bg2 O-O 10. O-O Nbd7 11. Kh1 Qa5 12. Qc2 Rfb8 13. Rd1 Ng4 14. Bg5 Re8 15. Bd2 Nde5 16. Nxe5 Nxe5 17. Be1 Reb8 18. b3 Qa3 19. Bh3 Ra7 20. f4 Nd7 21. Qe4 Qb4 22. Qc2 Rab7 23. a4 cxd5 0-1

[Event "VI Floripa Open 2020"]
[Site "Florianopolis"]
[Date "2020.01.21"]
[Round "3.86"]
[White "Araujo, Everson De Moura"]
[Black "Kim, Thiago"]
[Result "1-0"]
[ECO "A00"]
[WhiteElo "1958"]
[BlackElo "1717"]
[Annotator "NA"]
[PlyCount "51"]
[EventDate "2020.01.20"]
[EventType "swiss"]
[EventRounds "10"]
[EventCountry "BRA"]
[SourceTitle "playchess.com"]
[Source "ChessBase"]
[SourceQuality "1"]
[TimeControl "5400+30"]

1. d4 Nf6 2. Nf3 d5 3. g3 e6 4. Bg2 Be7 5. O-O O-O 6. b3 b6 7. Ba3 Bb7 8. c4 Nbd7 9. Bxe7 Qxe7 10. Qc2 Ne4 11. Nc3 Ndf6 12. Rfd1 Rac8 13. cxd5 exd5 14. Bh3 Ra8 15. e3 Bc8 16. Bg2 Be6 17. Rac1 Rfc8 18. Ne2 Nxf2 19. Kxf2 Ng4+ 20. Kg1 Nxe3 21. Qd2 Nxd1 22. Rxd1 c5 23. Nf4 Qd6 24. Ng5 Bg4 25. Rf1 Be6 26. Qd3 {abd} 1-0

[Event "VI Floripa Open 2020"]
[Site "Florianopolis"]
[Date "2020.01.21"]
[Round "3.87"]
[White "Gomes, Carlos Henrique Cald"]
[Black "Bastos, Guilherme Exterhotte"]
[Result "1/2-1/2"]
[ECO "A00"]
[WhiteElo "1757"]
[BlackElo "1937"]
[Annotator "NA"]
[PlyCount "20"]
[EventDate "2020.01.20"]
[EventType "swiss"]
[EventRounds "10"]
[EventCountry "BRA"]
[SourceTitle "playchess.com"]
[Source "ChessBase"]
[SourceQuality "1"]
[TimeControl "5400+30"]

1. d4 d5 2. c4 Bf5 3. Nc3 e6 4. cxd5 exd5 5. Qb3 Nc6 6. Nxd5 Nxd4 7. Qa4+ c6 8. Qxd4 Qxd5 9. Qxd5 cxd5 10. Bd2 Nf6 1/2-1/2

[Event "VI Floripa Open 2020"]
[Site "Florianopolis"]
[Date "2020.01.21"]
[Round "3.88"]
[White "Silva, Marcelo dos Santos"]
[Black "Dos Santos, Guilherme Fortes"]
[Result "0-1"]
[ECO "D51"]
[WhiteElo "1936"]
[BlackElo "1698"]
[Annotator "NA"]
[PlyCount "80"]
[EventDate "2020.01.20"]
[EventType "swiss"]
[EventRounds "10"]
[EventCountry "BRA"]
[SourceTitle "playchess.com"]
[Source "ChessBase"]
[SourceQuality "1"]
[TimeControl "5400+30"]

1. c4 c6 2. d4 d5 3. Nc3 Nf6 4. Nf3 e6 5. Bg5 Nbd7 6. e3 Be7 7. Bd3 O-O 8. O-O b6 9. cxd5 cxd5 10. Rc1 Bb7 11. Qc2 Rc8 12. Qb1 a6 13. Ne5 g6 14. Nxd7 Qxd7 15. Rcd1 Kg7 16. Bf4 Nh5 17. Be5+ f6 18. Bg3 Nxg3 19. hxg3 f5 20. Ne2 b5 21. Rc1 Bd6 22. Rxc8 Rxc8 23. Rc1 Kf6 24. Rc2 Rxc2 25. Qxc2 Qc8 26. Qc3 Bc6 27. Nf4 e5 28. dxe5+ Bxe5 29. Qc2 Bxf4 30. gxf4 Bb7 31. Qxc8 Bxc8 32. b4 h6 33. Kh2 g5 34. g3 g4 35. Kg2 Ke6 36. Kg1 d4 37. e4 fxe4 38. Bxe4 Kd6 39. Bg2 Be6 40. Kf1 Bxa2 0-1

[Event "VI Floripa Open 2020"]
[Site "Florianopolis"]
[Date "2020.01.21"]
[Round "3.89"]
[White "Carvalho Jr, Celestino"]
[Black "Allo Collante, Enrique"]
[Result "1/2-1/2"]
[ECO "A00"]
[WhiteElo "1928"]
[BlackElo "1641"]
[Annotator "NA"]
[PlyCount "57"]
[EventDate "2020.01.20"]
[EventType "swiss"]
[EventRounds "10"]
[EventCountry "BRA"]
[SourceTitle "playchess.com"]
[Source "ChessBase"]
[SourceQuality "1"]
[TimeControl "5400+30"]

1. Nf3 d5 2. d4 Nf6 3. c4 e6 4. Nc3 Nbd7 5. e3 c6 6. Be2 Bd6 7. O-O Ne4 8. Nd2 f5 9. f4 O-O 10. Qe1 Rf6 11. Nf3 Rh6 12. Nxe4 fxe4 13. Ne5 Nxe5 14. fxe5 Be7 15. Qf2 Qe8 16. Qg3 Bd7 17. Bd2 Qd8 18. Kh1 Be8 19. b3 Bh5 20. Bxh5 Rxh5 21. Qg4 Rh6 22. Rf2 Qd7 23. Raf1 Rf8 24. Rxf8+ Bxf8 25. cxd5 cxd5 26. Qf4 Qe8 27. Rc1 Qd8 28. Rf1 Qe8 29. Rc1 1/2-1/2

[Event "VI Floripa Open 2020"]
[Site "Florianopolis"]
[Date "2020.01.21"]
[Round "3.90"]
[White "Wilberger, Marcelo"]
[Black "Azevedo, Edmundo Roberto Ramo"]
[Result "1-0"]
[ECO "A00"]
[WhiteElo "1673"]
[BlackElo "1926"]
[Annotator "NA"]
[PlyCount "59"]
[EventDate "2020.01.20"]
[EventType "swiss"]
[EventRounds "10"]
[EventCountry "BRA"]
[SourceTitle "playchess.com"]
[Source "ChessBase"]
[SourceQuality "1"]
[TimeControl "5400+30"]

1. Nf3 d5 2. c4 c6 3. cxd5 cxd5 4. g3 Nc6 5. Bg2 Nf6 6. O-O e6 7. d3 Be7 8. Nc3 O-O 9. Bf4 Nh5 10. Bd2 Bd7 11. e4 dxe4 12. dxe4 Nf6 13. e5 Ne8 14. Qe2 Nc7 15. Rfd1 Qe8 16. Qe4 Nd8 17. Ng5 Bxg5 18. Bxg5 Bc6 19. Qg4 Kh8 20. Ne4 Bxe4 21. Bxe4 f5 22. exf6 gxf6 23. Qh4 Qe7 24. Bf4 Rg8 25. Be5 Ne8 26. Rac1 Rg7 27. Rc7 Nxc7 28. Bxf6 Qxf6 29. Qxf6 Ne8 30. Rxd8 1-0

[Event "VI Floripa Open 2020"]
[Site "Florianopolis"]
[Date "2020.01.21"]
[Round "3.91"]
[White "Machado, Alessandro Mathias"]
[Black "Cardoso Junior, Cicero Assuncao"]
[Result "1-0"]
[ECO "A00"]
[WhiteElo "1535"]
[BlackElo "1920"]
[Annotator "NA"]
[PlyCount "37"]
[EventDate "2020.01.20"]
[EventType "swiss"]
[EventRounds "10"]
[EventCountry "BRA"]
[SourceTitle "playchess.com"]
[Source "ChessBase"]
[SourceQuality "1"]
[TimeControl "5400+30"]

1. e4 c5 2. Nf3 g6 3. d4 cxd4 4. Nxd4 Bg7 5. Be3 Nc6 6. Nc3 Qb6 7. Nb3 Qd8 8. Nd4 d6 9. f3 Nf6 10. Qd2 O-O 11. O-O-O Nxd4 12. Bxd4 a6 13. g4 b5 14. h4 Bb7 15. h5 Qa5 16. Kb1 b4 17. Ne2 g5 18. h6 Bh8 19. Qxg5+ {abd} 1-0

[Event "VI Floripa Open 2020"]
[Site "Florianopolis"]
[Date "2020.01.21"]
[Round "3.92"]
[White "Soares, Gustavo Henrique"]
[Black "Setti, Dalmarino"]
[Result "1/2-1/2"]
[ECO "A00"]
[WhiteElo "1914"]
[BlackElo "1658"]
[Annotator "NA"]
[PlyCount "41"]
[EventDate "2020.01.20"]
[EventType "swiss"]
[EventRounds "10"]
[EventCountry "BRA"]
[SourceTitle "playchess.com"]
[Source "ChessBase"]
[SourceQuality "1"]
[TimeControl "5400+30"]

1. d4 d5 2. c4 e6 3. Nc3 Nf6 4. Bg5 Be7 5. e3 Nbd7 6. cxd5 exd5 7. Bd3 h6 8. Bh4 O-O 9. Nf3 c6 10. O-O Ne4 11. Bxe7 Qxe7 12. Qc2 Nxc3 13. Qxc3 Nf6 14. b4 Ne4 15. Bxe4 dxe4 16. Ne5 Be6 17. a4 Rac8 18. f4 exf3 19. Rxf3 Bd5 20. Rf4 f6 21. Nd3 1/2-1/2

[Event "VI Floripa Open 2020"]
[Site "Florianopolis"]
[Date "2020.01.21"]
[Round "3.93"]
[White "Almeida, Heidy Jose Moreira D"]
[Black "Teramoto, Anderson"]
[Result "1-0"]
[ECO "B07"]
[WhiteElo "1897"]
[BlackElo "1624"]
[Annotator "NA"]
[PlyCount "87"]
[EventDate "2020.01.20"]
[EventType "swiss"]
[EventRounds "10"]
[EventCountry "BRA"]
[SourceTitle "playchess.com"]
[Source "ChessBase"]
[SourceQuality "1"]
[TimeControl "5400+30"]

1. e4 g6 2. d4 Bg7 3. Be3 d6 4. Nc3 Nf6 5. f3 a6 6. Qd2 b5 7. g4 b4 8. Nce2 a5 9. a3 bxa3 10. Rxa3 c6 11. Ng3 Nbd7 12. g5 Ng8 13. h4 h5 14. N1e2 e6 15. f4 d5 16. f5 exf5 17. exf5 Bf8 18. Ra2 gxf5 19. Bh3 a4 20. O-O Nb6 21. Bf4 Ne7 22. Qd3 Ba6 23. Qf3 Bc8 24. Be5 Rh7 25. Nxf5 Ng6 26. Ng7+ Rxg7 27. Bxg7 Qe7 28. Bxf8 Kxf8 29. Bxc8 Rxc8 30. Qxh5 Qe3+ 31. Rf2 Nc4 32. Qf3 Qe6 33. h5 Nd2 34. Qf5 Qxf5 35. Rxf5 Nh4 36. Rf4 Nhf3+ 37. Kg2 Nxg5 38. Rxa4 Nc4 39. Ra7 Ne3+ 40. Kg3 Nxc2 41. Kh4 Ne6 42. Rfxf7+ Kg8 43. Nf4 Nxf4 44. Rxf4 1-0

[Event "VI Floripa Open 2020"]
[Site "Florianopolis"]
[Date "2020.01.21"]
[Round "3.94"]
[White "Lima, Vinicius Taishun"]
[Black "Pedroso, Denian"]
[Result "1/2-1/2"]
[ECO "A00"]
[WhiteElo "1658"]
[BlackElo "1873"]
[Annotator "NA"]
[PlyCount "103"]
[EventDate "2020.01.20"]
[EventType "swiss"]
[EventRounds "10"]
[EventCountry "BRA"]
[SourceTitle "playchess.com"]
[Source "ChessBase"]
[SourceQuality "1"]
[TimeControl "5400+30"]

1. e4 c5 2. Nf3 Nc6 3. d4 cxd4 4. Nxd4 Nf6 5. Nc3 e6 6. Nxc6 bxc6 7. e5 Nd5 8. Nxd5 cxd5 9. Bd3 Qc7 10. Qe2 d6 11. Bf4 Rb8 12. Rb1 Rb4 13. exd6 Bxd6 14. Bxd6 Qxd6 15. O-O O-O 16. c4 Bb7 17. a3 Rb6 18. Rfd1 Qe7 19. cxd5 Bxd5 20. Bxh7+ Kxh7 21. Rxd5 Qf6 22. Rd3 g6 23. b4 Rfb8 24. Rf3 Qg7 25. Rd1 Rc6 26. Qd2 Rc3 27. Qg5 Rbc8 28. Rf4 Rd3 29. Re1 Rxa3 30. h3 Ra1 31. Rxa1 Qxa1+ 32. Kh2 Kg7 33. Qe7 Rf8 34. Qg5 f6 35. Qc5 Rf7 36. Qd6 Qa2 37. f3 Qd5 38. Rd4 Qxd6+ 39. Rxd6 e5 40. Ra6 Rb7 41. Kg3 g5 42. b5 Kg6 43. h4 gxh4+ 44. Kxh4 Rxb5 45. Rxa7 Rb4+ 46. Kg3 f5 47. Ra6+ Kg5 48. Ra5 f4+ 49. Kh3 Kf5 50. g3 Rc4 51. Rb5 Rd4 52. g4+ 1/2-1/2

[Event "VI Floripa Open 2020"]
[Site "Florianopolis"]
[Date "2020.01.21"]
[Round "3.95"]
[White "Aoyama, Edmundo"]
[Black "Da Costa, Gabriel Magalhaes"]
[Result "1/2-1/2"]
[ECO "A00"]
[WhiteElo "1857"]
[BlackElo "1527"]
[Annotator "NA"]
[PlyCount "48"]
[EventDate "2020.01.20"]
[EventType "swiss"]
[EventRounds "10"]
[EventCountry "BRA"]
[SourceTitle "playchess.com"]
[Source "ChessBase"]
[SourceQuality "1"]
[TimeControl "5400+30"]

1. d4 Nf6 2. Nf3 g6 3. e3 Bg7 4. Bd3 d5 5. O-O O-O 6. Nbd2 e6 7. e4 dxe4 8. Nxe4 Nbd7 9. c3 b6 10. Bf4 Bb7 11. Ng3 h6 12. Re1 Rc8 13. Qe2 Re8 14. Ne5 Nd5 15. Bd2 Nxe5 16. dxe5 Rf8 17. Rad1 a5 18. Bc2 Qh4 19. Be4 Rfd8 20. c4 Ba6 21. b3 Nf4 22. Qf3 Bxe5 23. Bc2 Bd6 24. Bc3 Rb8 1/2-1/2